 Dungeon Crawl Stone Soup version 0.30-a0-760-g5a9884bb7c (webtiles) character file.

Game seed: 18130699217252497549

500 Leeroy the Slasher (level 7, -3/34 HPs)
             Began as a Vine Stalker Warper on Feb 11, 2023.
             Splashed by a jelly's acid (5 damage)
             ... on level 4 of the Dungeon.
             The game lasted 00:03:48 (2248 turns).

Leeroy the Slasher (Vine Stalker Warper)            Turns: 2248, Time: 00:03:49

Health: -3/34      AC:  0    Str: 14    XL:     7   Next: 16%
Magic:  0/11       EV: 11    Int: 13    God:
Gold:   113        SH:  0    Dex: 15    Spells: 10/10 levels left

rFire   . . .      SeeInvis .    o - +3 dagger
rCold   + . .      Faith    +    (no shield)
rNeg    . . .      Spirit   +    e - +2 ring mail {rC+}
rPois   .          Reflect  .    (no helmet)
rElec   .          Harm     .    (no cloak)
rCorr   .          Rampage  .    v - +0 pair of gloves
Will    .....                    (no boots)
Stlth   +                        u - amulet of faith
HPRegen 1.05/turn                (no ring)
MPRegen 0.12/turn                (no ring)

@: corroded
A: fangs 2, regeneration 1, magic shield, antimagic bite, no potion heal 2
a: no special abilities


You were on level 4 of the Dungeon.
You visited 1 branch of the dungeon, and saw 4 of its levels.

You collected 113 gold pieces.

Inventory:

Hand Weapons
 a - a +0 falchion
 o - a +3 dagger (weapon)
Missiles
 d - 7 boomerangs of dispersal (quivered)
 s - 3 boomerangs
Armour
 b - a +0 leather armour
 e - a +2 ring mail of cold resistance (worn)
 v - a +0 pair of gloves (worn)
 w - a +0 plate armour
Jewellery
 u - an amulet of faith (around neck)
Wands
 t - a wand of polymorph (3)
Scrolls
 c - a scroll of blinking
 g - a scroll of summoning {unknown}
 j - a scroll of enchant weapon {unknown}
 k - 2 scrolls of teleportation {unknown}
 q - a scroll of identify {unknown}
 x - a scroll of amnesia {unknown}
Potions
 f - a potion of curing {unknown}
 h - a potion of attraction {unknown}
 i - a potion of degeneration {unknown}
 l - a potion of mutation {unknown}
 m - 2 potions of invisibility {unknown}
 n - 2 potions of heal wounds {unknown}
 p - a potion of lignification {unknown}
 r - a potion of flight {unknown}


   Skills:
 - Level 1.7 Fighting
 - Level 6.4 Long Blades
 - Level 0.8 Throwing
 - Level 0.7 Armour
 + Level 2.7 Dodging
 - Level 2.1 Spellcasting
 - Level 3.0 Translocations


You had 10 spell levels left.
You didn't know any spells.
Your spell library contained the following spells:

 Spells                   Type           Power      Damage    Failure   Level
 Blink                    Tloc           18%        N/A       22%         2
 Lesser Beckoning         Tloc           18%        N/A       22%         2
 Gell's Gravitas          Tloc           9%         N/A       41%         3
 Teleport Other           Tloc           9%         N/A       41%         3
 Sublimation of Blood     Necr           1%         N/A       61%         2
 Vhi's Electric Charge    Tloc/Air       10%        N/A       63%         3
 Manifold Assault         Tloc           9%         N/A       83%         4
 Petrify                  Tmut/Erth      1%         N/A       99%         4
 Irradiate                Conj/Tmut      0%         3d11      100%        5


Dungeon Overview and Level Annotations

Branches:
Dungeon (4/15)
 Temple: D:4-7

Altars:
Dithmenos
Nemelex Xobeh
Ru


Innate Abilities, Weirdness & Mutations

You have extremely sharp teeth.
Your natural rate of healing is unusually fast.
When hurt, damage is shared between your health and your magic reserves.
Your bite disrupts and absorbs the magic of your enemies.
Potions cannot restore your health.


Message History

Reactivating autopickup.
You feel a bit more experienced. The jelly barely misses you.
The orc closely misses you.
Items here: ))))) [[[[ †.
You hit the jelly.
Your hands burn!
The jelly is lightly wounded.
The jelly hits you but does no damage.
The orc hits you from afar with a +0 trident.
You hit the jelly.
Your hands burn!
You bite the jelly. You drain its power.
You feel invigorated.
The jelly is heavily wounded.
The jelly barely misses you. The orc hits you but does no damage.
You hit the jelly.
Your hands burn!
The jelly is severely wounded.
The jelly closely misses you.
The orc hits you from afar with a +0 trident.
You hit the jelly. The acid corrodes you!
Your hands burn!
Your punch misses the jelly. You bite the jelly, but do no damage.
The jelly is severely wounded.
The orc barely misses you. The jelly hits you but does no damage.
You hit the jelly but do no damage.
Your hands burn!
You bite the jelly, but do no damage.
The jelly is severely wounded.
You hit the jelly but do no damage.
Your hands burn!
You bite the jelly, but do no damage.
The jelly is severely wounded.
The jelly hits you but does no damage.
The orc hits you from afar with a +0 trident.
You hit the jelly.
Your hands burn!
* * * LOW HITPOINT WARNING * * *
You bite the jelly, but do no damage.
The jelly is almost dead.
The jelly hits you.
* * * LOW HITPOINT WARNING * * *
The acid corrodes you!
You are splashed with acid!
* * * LOW HITPOINT WARNING * * *
The orc hits you from afar with a +0 trident.
* * * LOW HITPOINT WARNING * * *
You hit the jelly but do no damage.
Your hands burn!
You die...

### ..############## .......
...............# .......
...............# ###.......
...............# #.+.......
...............# #.#..K....
)..............# ####.#.......
...............#####..#.#.J.....
...............'@JoK....'o......
#..............#####....#r......
################ ####+#####+#+


You could see a jelly, an orc and a kobold.

Vanquished Creatures
  Grinder (D:3)
  An ogre (D:4)
  A jelly (D:4)
  2 orc wizards
  3 adders
  3 gnolls (D:2)
  A worm (D:2)
  A dart slug (D:1)
  9 orcs
  9 endoplasms
  4 goblins
  5 hobgoblins
  2 jackals (D:3)
  4 kobolds
  6 quokkas
  6 ball pythons
  6 bats
  3 frilled lizards
  6 rats
73 creatures vanquished.

Notes
Turn   | Place    | Note
-------+----------+-------------------------------------------
     0 | D:1      | Leeroy the Vine Stalker Warper began the quest for the Orb.
     0 | D:1      | Reached XP level 1. HP: 11/11 MP: 4/4
    52 | D:1      | Reached skill level 2 in Long Blades
   127 | D:1      | Reached XP level 2. HP: 5/15 MP: 0/6
   185 | D:1      | Reached skill level 3 in Long Blades
   327 | D:1      | Reached XP level 3. HP: 18/18 MP: 7/7
   678 | D:2      | Gained mutation: Your natural rate of healing is unusually
                  | fast. [Vine Stalker growth]
   678 | D:2      | Reached XP level 4. HP: 14/23 MP: 5/8
   708 | D:2      | Found a shadowy altar of Dithmenos.
   752 | D:2      | Reached skill level 4 in Long Blades
  1530 | D:3      | Noticed Grinder
  1553 | D:3      | Killed Grinder
  1554 | D:3      | Reached skill level 5 in Long Blades
  1554 | D:3      | Reached XP level 5. HP: 3/26 MP: 1/9
  1554 | D:3      | Reached XP level 6. HP: 4/30 MP: 1/10
  1656 | D:3      | Reached skill level 6 in Long Blades
  1908 | D:3      | Found a sacrificial altar of Ru.
  1917 | D:3      | Found a sparkling altar of Nemelex Xobeh.
  2207 | D:4      | Reached XP level 7. HP: 16/34 MP: 5/11
  2248 | D:4      | Splashed by a jelly's acid

Illustrated notes

Levels and vault maps discovered:
D:1:      minmay_arrival_four_houses, layout_rooms, hangedman_decor_slide_cut,
          minmay_pentomino_o4
D:2:      layout_basic, basic_altar, minmay_statues_item
D:3:      layout_basic, mainiacjoe_overflow_swirl, uniq_grinder
D:4:      layout_basic, mainiacjoe_overflow_alcove_4

Skill      XL: |  1  2  3  4  5  6 |
---------------+-------------------+-----
Long Blades    | 2 3 5 6 |  6.4
Dodging        | 2 |  2.7
Fighting       | |  1.7
Throwing       | |  0.8
Armour         | |  0.7
Spellcasting   | |  2.1
Translocations | |  3.0

Action                     |  1- 3 |  4- 6 |  7- 9 || total
---------------------------+-------+-------+-------++-------
  Melee: Falchion          |    92 |     9 |       ||   101
         Bite              |    11 |    56 |    14 ||    81
         Punch             |     1 |     1 |       ||     2
         Dagger            |       |   172 |    41 ||   213
 Armour: Ring mail         |    60 |    56 |    16 ||   132
  Dodge: Dodged            |    70 |    65 |     9 ||   144

Table legend: (Time is in decaauts)
 A = Elapsed time spent in this place.
 B = Non-inter-level travel time spent in this place.
 C = Inter-level travel time spent in this place.
 D = Time resting spent in this place.
 E = Time spent auto-exploring this place.
 F = Levels seen in this place.
 G = Mean time per level.
                   A        B        C        D        E       F      G
               +--------+--------+--------+--------+--------+-----+--------+
         Total |   2229 |   2097 |    132 |      0 |   1514 |   4 |  557.2 |
       Dungeon |   2229 |   2097 |    132 |      0 |   1514 |   4 |  557.2 |
               +--------+--------+--------+--------+--------+-----+--------+

Top non-repeatable levels by time:
     D:3: 788 daAuts
     D:2: 724 daAuts
     D:1: 556 daAuts
     D:4: 161 daAuts
